 Dungeon Crawl Stone Soup version 0.31-a0-219-g8d62b2e7bb (webtiles) character file.

Game seed: 11135660762665051802

47 AlmostDecent the Trooper (level 3, -2/20 HPs)
             Began as a Vine Stalker Fighter on July 4, 2023.
             Slain by a gnoll
             ... wielding a +0 halberd
              (5 damage)
             ... on level 2 of the Dungeon.
             The game lasted 00:04:20 (1182 turns).

AlmostDecent the Trooper (Vine Stalker Fighter)     Turns: 1182, Time: 00:04:20

Health: -2/20      AC:  6    Str: 20    XL:     3   Next: 70%
Magic:  0/4        EV:  9    Int:  8    God:
Gold:   78         SH:  4    Dex: 13    Spells: 2/2 levels left

rFire   + . .        a - +0 war axe
rCold   . . .        c - +0 buckler
rNeg    . . .        b - +0 scale mail
rPois   .            (no helmet)
rElec   .            (no cloak)
rCorr   .            (no gloves)
SInv    .            (no boots)
Will    .....        (no amulet) Stlth
                     e - ring of flight
HPRegen 0.23/turn    f - ring of protection from fire
MPRegen 0.09/turn

%: guardian spirit
@: mighty, flying
A: fangs 2, magic shield, antimagic bite, no potion heal 2
a: no special abilities


You were on level 2 of the Dungeon.
You visited 1 branch of the dungeon, and saw 2 of its levels.

You collected 78 gold pieces.

Inventory:

Hand Weapons
 a - a +0 war axe (weapon)
Armour
 b - a +0 scale mail (worn)
 c - a +0 buckler (worn)
Jewellery
 e - a ring of flight (left hand)
 f - a ring of protection from fire (right hand)
 n - a ring of ice
Scrolls
 i - a scroll of fog {unknown}
Potions
 g - a potion of degeneration {unknown}
 h - 3 potions of lignification {unknown}
 j - a potion of heal wounds {unknown}
 k - 2 potions of curing {unknown}
 l - 2 potions of berserk rage {unknown}
 m - 2 potions of ambrosia {unknown}


   Skills:
 + Level 3.2 Fighting
 * Level 2.4 Axes
 + Level 2.6 Armour
 + Level 3.0 Shields


You had 2 spell levels left.
You didn't know any spells.
Your spell library contained the following spells:

 Spells                   Type           Power      Damage    Failure   Level
 Volatile Blastmotes      Fire/Tloc      0%         2d10      99%         3
 Fulminant Prism          Conj/Hex       0%         3d5       100%        4
 Iskenderun's Mystic Bla  Conj/Tloc      0%         2d3       100%        4
 Lee's Rapid Deconstruct  Erth           0%         3d4*      100%        5


Dungeon Overview and Level Annotations

Branches:
Dungeon (2/15)

Altars:

Shops:
D:1 :


Innate Abilities, Weirdness & Mutations

You have extremely sharp teeth.
When hurt, damage is shared between your health and your magic reserves.
Your bite disrupts and absorbs the magic of your enemies.
Potions cannot restore your health.


Message History

You closely miss the quokka. Your bite misses the quokka.
The quokka is almost dead.
The quokka bites you but does no damage.
The quokka barely misses you.
You closely miss the quokka. You bite the quokka.
You kill the quokka!
No target in view!
No target in view!
Magic restored.
HP restored.
A quokka comes into view.
A quokka is nearby!
You slash the quokka!
You kill the quokka!
No target in view!
No target in view! 3 gnolls and a goblin come into view.
Found a pair of embroidered boots.
Found an escape hatch in the floor.
Found a stone staircase leading down.
The gnoll shouts! x2; The goblin shouts!
The gnoll moves out of view.
A hobgoblin comes into view.
The hobgoblin shouts!
You feel very mighty all of a sudden.
You slash the gnoll! You bite the gnoll.
You kill the gnoll!
The gnoll hits you from afar with a +0 halberd.
The gnoll hits you from afar with a +0 halberd!
A phantom comes into view.
The gnoll hits you but does no damage. You block the gnoll's attack.
Things that are here:
a +0 flail; a gnoll corpse You hit the gnoll.
The gnoll is moderately wounded.
You block the gnoll's attack. The gnoll hits you with a +0 halberd!
* * * LOW HITPOINT WARNING * * *
You barely miss the gnoll. You bite the gnoll!
You kill the gnoll!
The gnoll hits you from afar with a +0 halberd.
You die...

# #. ##>####
....... .....g.
.......
.>..W.g#####
#####
......g)@..#
#.#.#
......g###.#
###.#.# .......
#.# #...#.#
....... #.#
#.###.# ..[....
##.###.###.####
#######
#.............#
#........<..#.#
#.#.###.###.#.##
#.#.# #.#
#....##


You could see a phantom, a gnoll, a hobgoblin and a goblin.

Vanquished Creatures
  2 gnolls (D:2)
  2 dart slugs (D:1)
  3 ball pythons (D:1)
  5 bats
  5 endoplasms
  4 goblins
  A hobgoblin (D:1)
  2 kobolds
  3 quokkas
  2 frilled lizards (D:1)
  4 rats
33 creatures vanquished.

Notes
Turn   | Place    | Note
-------+----------+-------------------------------------------
     0 | D:1      | AlmostDecent the Vine Stalker Fighter began the quest for
                  | the Orb.
     0 | D:1      | Reached XP level 1. HP: 11/11 MP: 2/2
    83 | D:1      | Noticed a walking frostbound tome
    84 | D:1      | Found Eheucleb's Book Emporium.
    85 | D:1      | Noticed a walking divine tome
   106 | D:1      | Found a faded altar of an unknown god.
   137 | D:1      | Reached XP level 2. HP: 16/16 MP: 3/3
   749 | D:1      | Reached XP level 3. HP: 20/20 MP: 4/4
  1180 | D:2      | Noticed a phantom
  1182 | D:2      | Slain by a gnoll

Illustrated notes

Levels and vault maps discovered:
D:1:      dpeg_arrival_oval, layout_basic, basic_ecumenical_altar, serial_shops,
          nicolae_shop_mannequins, chequers_jeans, minmay_misc_feat_cross,
          minmay_split_cup_small
D:2:      minmay_razor_zed, layout_loops_ring

Skill      XL: |  1  2  3 |
---------------+----------+-----
Fighting       | 3 |  3.2
Axes           | 2 |  2.4
Shields        | 3 |  3.0
Armour         | |  2.6

Action                     || total
---------------------------++-------
  Melee: War axe           ||    76
         Bite              ||    15
    Use: Potion            ||     1
 Armour: Scale mail        ||    36
  Dodge: Dodged            ||    32
  Block: Buckler           ||    14

Table legend: (Time is in decaauts)
 A = Elapsed time spent in this place.
 B = Non-inter-level travel time spent in this place.
 C = Inter-level travel time spent in this place.
 D = Time resting spent in this place.
 E = Time spent auto-exploring this place.
 F = Levels seen in this place.
 G = Mean time per level.
                   A        B        C        D        E       F      G
               +--------+--------+--------+--------+--------+-----+--------+
         Total |   1213 |   1161 |     52 |      0 |    926 |   2 |  606.5 |
       Dungeon |   1213 |   1161 |     52 |      0 |    926 |   2 |  606.5 |
               +--------+--------+--------+--------+--------+-----+--------+

Top non-repeatable levels by time:
     D:1: 1059 daAuts
     D:2: 154 daAuts
